 Dungeon Crawl Stone Soup version 0.19.0-11-g3fc08b3 (webtiles) character file.

37 Gingerlord the Skirmisher (level 3, 0/39 HPs)
             Began as an Ogre Wanderer on Nov 8, 2016.
             Slain by Terence
             ... wielding a +2 hand axe of flaming
              (1 damage)
             ... on level 1 of the Dungeon.
             The game lasted 00:04:18 (2186 turns).

Gingerlord the Skirmisher (Ogre Wanderer)           Turns: 2186, Time: 00:04:18

Health: 0/39       AC:  3    Str: 20    XL:     3   Next: 41%
Magic:  4/4        EV: 10    Int:  8    God:
Gold:   35         SH:  0    Dex: 10    Spells: 0 memorised, 4 levels left

rFire  . . .     SeeInvis .     g - +0 whip
rCold  . . .     Gourm    .     d - +0 robe
rNeg   . . .     Faith    .     (no shield)
rPois  .         Spirit   .     (helmet restricted)
rElec  .         Reflect  .     (no cloak)
rCorr  .         Harm     .     (gloves unavailable)
MR     .....                    (boots unavailable)
Stlth  +.........               (no amulet)
                                (no ring)
                                (no ring)

@: no status effects
A: unfitting armour, tough skin 1
a: no special abilities


You were on level 1 of the Dungeon.
You were very hungry.

You visited 1 branch of the dungeon, and saw 2 of its levels.

You collected 35 gold pieces.

Inventory:

Hand Weapons
 g - a +0 whip (weapon)
Armour
 d - a +0 robe (worn)
Books
 a - a book of Maledictions

   Spells                             Type                      Level
   a - Corona                         Hexes                        1
   b - Ensorcelled Hibernation        Hexes/Ice                    2
   c - Confuse                        Hexes                        3
   d - Tukima's Dance                 Hexes                        3
   e - Dazzling Spray                 Conjuration/Hexes            3
 b - the Disquisition on Cold

   Spells                             Type                      Level
   a - Throw Frost                    Conjuration/Ice              2
   b - Ensorcelled Hibernation        Hexes/Ice                    2
Comestibles
 f - a bread ration


   Skills:
 + Level 4.0 Fighting
 + Level 1.0 Maces & Flails
 + Level 1.9 Dodging
   Level 1.7 Shields
 - Level 1.2 Spellcasting
   Level 1.0 Hexes
   Level 2.1 Earth Magic


You had 4 spell levels left.
You didn't know any spells.

Dungeon Overview and Level Annotations

Branches:
Dungeon (2/15)

Altars:
Fedhas

Annotations:
D:1 Terence
D:2 Sigmund


Innate Abilities, Weirdness & Mutations

You are too large for most types of armour.
You have tough skin. (AC +1)


Message History

Terence burns you.
* * * LOW HITPOINT WARNING * * *
You hit Terence but do no damage.
Terence is heavily wounded.
Terence barely misses you.
You closely miss Terence.
Terence is heavily wounded.
Terence hits you but does no damage.
You closely miss Terence.
Terence is heavily wounded.
Terence hits you with a hand axe of flaming.
* * * LOW HITPOINT WARNING * * *
Terence burns you.
* * * LOW HITPOINT WARNING * * *
You hit Terence.
Terence is severely wounded.
Terence hits you with a hand axe of flaming.
* * * LOW HITPOINT WARNING * * *
Terence burns you.
You die...

......########.........######.#
# .....## #...####### #.# #
.....# #...# #.# .....# #...#
#.### ###.## #...# #....
####### #...#### #####
##....###### #......#
##≈##.##...###..#@#.##
≈≈≈#..'..#......@....#
#######....##...(##..#
≈≈≈≈≈≈###.###........# ###≈#≈#
#)# ###.#.##.# #≈<≈#≈# #.#
#........#### ≈≈≈≈≈≈###.#
#.#..#......# ##+####...#
#..#.#......# #..#.#...#
#.#.##......# ##.##.##.#
#...........#


You could see Terence.

Vanquished Creatures
  An ooze (D:1)
  A dart slug (D:1)
  A leopard gecko (D:1)
  3 bats
  A giant cockroach (D:1)
  2 goblins (D:1)
  2 hobgoblins (D:1)
  5 jackals (D:1)
  A ball python (D:1)
  3 frilled lizards
  5 kobolds (D:1)
  5 rats (D:1)
30 creatures vanquished.

Notes
Turn   | Place    | Note
-------+----------+-------------------------------------------
     0 | D:1      | Gingerlord the Ogre Wanderer began the quest for the Orb.
     0 | D:1      | Gingerlord set off with: a book of Maledictions, the Disquisition on Cold, a +0 spear, a +0 robe, a bread ration
     0 | D:1      | Reached XP level 1. HP: 22/22 MP: 2/2
   115 | D:1      | Reached skill level 3 in Fighting
   130 | D:1      | Reached XP level 2. HP: 4/31 MP: 3/3
  1102 | D:1      | Reached XP level 3. HP: 38/39 MP: 4/4
  1155 | D:1      | Reached skill level 1 in Maces & Flails
  1379 | D:1      | Reached skill level 4 in Fighting
  1460 | D:2      | Found a blossoming altar of Fedhas.
  1697 | D:2      | Noticed Terence
  1731 | D:2      | Noticed Sigmund
  2186 | D:1      | HP: 1/39 [Terence/hand axe of flaming (2)]
  2186 | D:1      | Slain by Terence

Skill      XL: |  1  2  3 |
---------------+----------+-----
Fighting       | 3 4 |  4.0
Maces & Flails | 1 |  1.0
Dodging        | |  1.9
Shields        | |  1.7
Spellcasting   | |  1.2
Hexes          | |  1.0
Earth Magic    | |  2.1

Action                   || total
-------------------------++-------
Melee: Spear             ||    19
       Whip              ||   164
  Use: Scroll            ||     2
       Potion            ||     1
 Stab: Sleeping          ||     1
  Eat: Chunk             ||     3
Armor: Robe              ||    53
Dodge: Dodged            ||    98
